 Dungeon Crawl Stone Soup version 0.30-a0-862-g1aabd4f9c5 (webtiles) character file.

Game seed: 14666425496263043892

70 Rocko1345 the Trooper (level 4, 0/37 HPs)
             Began as a Demonspawn Chaos Knight on Mar 8, 2023.
             Was a Plaything of Xom.
             Slain by an orc wizard
             ... wielding a +0 dagger of venom
              (1 damage)
             ... on level 2 of the Dungeon.
             The game lasted 00:04:04 (1038 turns).

Rocko1345 the Trooper (Demonspawn Chaos Knight)     Turns: 1038, Time: 00:04:05

Health: 0/37       AC:  6    Str: 15    XL:     4   Next: 3%
Magic:  4/4        EV: 11    Int: 13    God:    Xom [.*....]
Gold:   37         SH:  0    Dex: 12    Spells: 3/3 levels left

rFire   + . .      SeeInvis .    a - +0 falchion (chaos)
rCold   x . .      Faith    .    (no shield)
rNeg    . . .      Spirit   .    b - +2 leather armour
rPois   .          Reflect  .    (no helmet)
rElec   .          Rampage  .    (no cloak)
rCorr   .                        g - +0 pair of gloves
Will    .....                    (no boots)
Stlth   +                        (no amulet)
HPRegen 0.26/turn                j - ring of fire
MPRegen 0.09/turn                (no ring)

@: lethally poisoned (0 -> -13), flying
A: powered by pain 2
a: Renounce Religion


You were on level 2 of the Dungeon.
You worshipped Xom.
You were a plaything of Xom.
You visited 1 branch of the dungeon, and saw 2 of its levels.

You collected 37 gold pieces.

Inventory:

Hand Weapons
 a - a +0 falchion of chaos (weapon)
 k - a +0 hand axe of freezing
Armour
 b - a +2 leather armour (worn)
 g - a +0 pair of gloves (worn)
Magical Staves
 f - a staff of conjuration
Jewellery
 j - a ring of fire (left hand)
Scrolls
 d - 3 scrolls of identify {unknown}
 h - a scroll of enchant weapon {unknown}
Potions
 i - a potion of heal wounds {unknown}
Miscellaneous
 c - a piece from Xom's chessboard (12/15) (quivered)


   Skills:
 + Level 3.8 Fighting
 + Level 3.2 Long Blades
 + Level 2.2 Armour
 + Level 1.2 Dodging
 * Level 1.0 Evocations


You had 3 spell levels left.
You didn't know any spells.
Your spell library contained the following spells:

 Spells                   Type           Power      Damage    Failure   Level
 Apportation              Tloc           0%         N/A       36%         1
 Necrotise                Necr           0%         1d4       36%         1
 Summon Small Mammal      Summ           0%         N/A       36%         1
 Leda's Liquefaction      Hex/Erth       0%         N/A       98%         4
 Lee's Rapid Deconstruct  Erth           0%         3d4*      100%        5
 Statue Form              Tmut/Erth      0%         N/A       100%        6


Dungeon Overview and Level Annotations

Branches:
Dungeon (2/15)

Altars:


Innate Abilities, Weirdness & Mutations

You sometimes gain power by taking damage.


Message History

You miss something.
You feel very sick. Something hits you but does no damage.
The hobgoblin closely misses you.
Unknown command.
You feel sick.
You feel sick.
Things that are here:
a +0 hand axe; a +0 leather armour You feel sick.
Something hits you but does no damage.
You are more poisoned.
The hobgoblin attacks as you move away! The hobgoblin barely misses you.
You feel very sick.
You hear some strange, mumbled words.
Something tries to affect you, but you resist.
The hobgoblin attacks as you move away!
The hobgoblin hits you but does no damage.
You feel sick.
You feel very sick.
You hit the hobgoblin.
The hobgoblin is poisoned.
The hobgoblin is almost dead.
You feel sick.
You kill the hobgoblin!
You feel sick. Something hits you but does no damage.
You are lethally poisoned!
* * * LOW HITPOINT WARNING * * *
You feel very sick.
You see here a dart slug corpse.
Something hits you but does no damage.
You are more poisoned.
* * * LOW HITPOINT WARNING * * *
You feel very sick.
It was a potion of flight.
You feel very buoyant.
You fly up into the air.
* * * LOW HITPOINT WARNING * * *
You feel very sick. Something hits you.
You die... "I guess I need a new plaything now."

#.#......)..##
+.......†..)>#########
#.#..######..........#
#. #...######.# #
#...# #.. #...#
#.#..######...#
#..........†..#
#..........@..#
#.............#
#.............#
#..........#..####
#..........#.....
##....(....#..####
#.........†...#
#.######......# #.####
#..........


There were no monsters in sight!

Vanquished Creatures
  An orc wizard (D:2)
  A dart slug (D:2)
  6 orcs (D:2)
  An endoplasm (D:1)
  3 goblins (D:1)
  A hobgoblin (D:2)
  3 jackals (D:1)
  A quokka (D:1)
  A ball python (D:1)
  2 bats (D:1)
  A frilled lizard (D:1)
  A kobold (D:1)
22 creatures vanquished.

Vanquished Creatures (collateral kills)
  An adder (D:2)
  An orc (D:2)
  A hobgoblin (D:2)
  A frilled lizard (D:2)
4 creatures vanquished.

Grand Total: 26 creatures vanquished

Notes
Turn   | Place    | Note
-------+----------+-------------------------------------------
     0 | D:1      | Rocko1345 the Demonspawn Chaos Knight began the quest for
                  | the Orb.
     0 | D:1      | Reached XP level 1. HP: 18/18 MP: 1/1
   191 | D:1      | XOM: divination: detect items
   205 | D:1      | XOM: silly message
   450 | D:1      | Gained mutation: You sometimes gain a little power by
                  | taking damage. [demonic ancestry]
   450 | D:1      | Reached XP level 2. HP: 20/24 MP: 2/2
   901 | D:2      | XOM: summons friendly quasit
   907 | D:2      | Reached skill level 1 in Dodging
   907 | D:2      | Reached XP level 3. HP: 21/30 MP: 3/3
  1026 | D:2      | Reached skill level 1 in Evocations
  1026 | D:2      | Gained mutation: You sometimes gain power by taking damage.
                  | [demonic ancestry]
  1026 | D:2      | Reached XP level 4. HP: 33/37 MP: 4/4
  1038 | D:2      | HP: 1/37 [poisoned by an orc wizard]
  1038 | D:2      | Slain by an orc wizard

Illustrated notes

Levels and vault maps discovered:
D:1:      psy_arrival_basics, layout_basic
D:2:      layout_basic, chequers_ecumenical_altar_simple_redux, serial_shops,
          nicolae_shop_behind_doors, uniq_crazy_yiuf_cottage

Skill      XL: |  1  2  3 |
---------------+----------+-----
Armour         | 2 |  2.2
Long Blades    | 3 |  3.2
Dodging        | 1 |  1.2
Evocations     | 1 |  1.0
Fighting       | |  3.8

Action                     |  1- 3 |  4- 6 || total
---------------------------+-------+-------++-------
  Melee: Falchion          |    71 |     3 ||    74
  Evoke: Piece from Xom's  |     3 |       ||     3
    Use: Potion            |       |     1 ||     1
 Armour: Leather armour    |    40 |     5 ||    45
  Dodge: Dodged            |    50 |     3 ||    53

Table legend: (Time is in decaauts)
 A = Elapsed time spent in this place.
 B = Non-inter-level travel time spent in this place.
 C = Inter-level travel time spent in this place.
 D = Time resting spent in this place.
 E = Time spent auto-exploring this place.
 F = Levels seen in this place.
 G = Mean time per level.
                   A        B        C        D        E       F      G
               +--------+--------+--------+--------+--------+-----+--------+
         Total |   1049 |   1015 |     34 |     31 |    715 |   2 |  524.5 |
       Dungeon |   1049 |   1015 |     34 |     31 |    715 |   2 |  524.5 |
               +--------+--------+--------+--------+--------+-----+--------+

Top non-repeatable levels by time:
     D:1: 893 daAuts
     D:2: 155 daAuts
